 Dungeon Crawl Stone Soup version 0.22.1 (webtiles) character file.

497 KomradDre the Shield-Bearer (level 6, -1/56 HPs)
             Began as a Minotaur Fighter on Sept 17, 2018.
             Was an Initiate of Kikubaaqudgha.
             Succumbed to a worker ant's poison
             ... on level 4 of the Dungeon.
             The game lasted 00:28:46 (2786 turns).

KomradDre the Shield-Bearer (Minotaur Fighter)      Turns: 2786, Time: 00:28:47

Health: -1/56      AC:  7    Str: 22    XL:     6   Next: 93%
Magic:  5/5        EV:  8    Int:  5    God:    Kikubaaqudgha [......]
Gold:   147        SH: 10    Dex: 10    Spells: 5/5 levels left

rFire    . . .     SeeInvis .   a - +1 flail
rCold    . . .     Gourm    .   c - +0 shield
rNeg     . . .     Faith    .   b - +0 scale mail
rPois    .         Spirit   .   (helmet restricted)
rElec    .         Reflect  .   (no cloak)
rCorr    .         Harm     .   (no gloves)
MR       .....                  (no boots)
Stlth    ..........             (no amulet)
HPRegen  0.18/turn              (no ring)
MPRegen  0.09/turn              (no ring)

@: lethally poisoned (-1 -> -9)
A: retaliatory headbutt, horns 2
a: Renounce Religion


You were on level 4 of the Dungeon.
You worshipped Kikubaaqudgha.
Kikubaaqudgha was noncommittal.
You were not hungry.

You visited 1 branch of the dungeon, and saw 4 of its levels.

You collected 147 gold pieces.

Inventory:

Hand Weapons
 a - a +1 flail (weapon)
 t - a +2 dagger of venom
Armour
 b - a +0 scale mail (worn)
 c - a +0 shield (worn)
Wands
 r - a wand of random effects (10)
Scrolls
 g - 2 scrolls of immolation
 h - a scroll of teleportation
 j - a scroll of remove curse
 s - a scroll of identify
 u - a scroll of noise
 v - a scroll of amnesia {unknown}
Potions
 d - a potion of might
 e - 4 potions of curing {unknown}
 i - a potion of mutation {unknown}
 l - 2 potions of magic {unknown}
 m - a potion of invisibility {unknown}
 n - a potion of brilliance {unknown}
 o - a potion of heal wounds {unknown}
 p - a potion of ambrosia {unknown}
 q - a potion of berserk rage {unknown}
Comestibles
 f - 5 rations


   Skills:
 + Level 5.6 Fighting
 + Level 5.0 Maces & Flails
 + Level 5.6 Armour
 + Level 5.6 Shields


You had 5 spell levels left.
You didn't know any spells.
Your spell library was empty.

Dungeon Overview and Level Annotations

Branches:
Dungeon (4/15)
 Temple: D:4-7

Altars:
Elyvilon
Kikubaaqudgha


Innate Abilities, Weirdness & Mutations

You reflexively headbutt those who attack you in melee.
You have a pair of horns on your head.


Message History

You barely miss the worker ant.
The worker ant is severely wounded.
The worker ant bites you.
* * * LOW HITPOINT WARNING * * *
You closely miss the worker ant.
You headbutt the worker ant, but do no damage.
The worker ant is severely wounded.
You feel sick. The worker ant bites you.
* * * LOW HITPOINT WARNING * * *
You are lethally poisoned!
The worker ant poisons you!
You completely miss the worker ant.
The worker ant is severely wounded.
* * * LOW HITPOINT WARNING * * *
You feel sick. You block the worker ant's attack. The worker ant bites you.
* * * LOW HITPOINT WARNING * * *
You barely miss the worker ant. Your headbutt misses the worker ant.
The worker ant is severely wounded.
You die...
Kikubaaqudgha rasps: "You have failed me!
Welcome... death!"

....#.......##
.##.#........#
............#
#>######...## .##
##.######### ##
#.........( #
#.######### #
#.###########
#########.......@a..#
...(....##########...#
#######. .#..... ..
#... #.. .. .## . .#
.#


You could see a worker ant.

Vanquished Creatures
  2 ogres
  A gnoll shaman (D:3)
  An orc priest (D:3)
  Natasha (thrice) (D:2)
  An orc wizard (D:3)
  4 gnolls (D:3)
  3 adders
  An ooze (D:1)
  4 worms (D:2)
  6 dart slugs
  2 leopard geckos (D:1)
  4 orcs
  A ball python (D:1)
  9 bats
  2 giant cockroaches
  8 goblins
  8 hobgoblins
  4 jackals (D:3)
  2 quokkas
  4 frilled lizards
  9 kobolds
  10 rats
89 creatures vanquished.

Vanquished Creatures (others)
  A bat (D:2)
1 creature vanquished.

Grand Total: 90 creatures vanquished

Notes
Turn   | Place    | Note
-------+----------+-------------------------------------------
     0 | D:1      | KomradDre the Minotaur Fighter began the quest for the Orb.
     0 | D:1      | Reached XP level 1. HP: 19/19 MP: 0/0
    64 | D:1      | Reached XP level 2. HP: 27/27 MP: 1/1
   215 | D:1      | Reached XP level 3. HP: 28/33 MP: 2/2
   509 | D:2      | Found a white marble altar of Elyvilon.
   644 | D:2      | Noticed Natasha
   653 | D:2      | Killed Natasha
   653 | D:2      | Reached XP level 4. HP: 35/41 MP: 3/3
   929 | D:2      | Noticed Natasha
   948 | D:2      | Killed Natasha
   959 | D:2      | Noticed Natasha
   965 | D:2      | Killed Natasha
   965 | D:2      | Reached XP level 5. HP: 21/47 MP: 4/4
  1565 | D:3      | Noticed an ogre
  1576 | D:3      | Killed an ogre
  1576 | D:3      | Reached skill level 5 in Fighting
  1576 | D:3      | Reached skill level 5 in Armour
  1576 | D:3      | Reached skill level 5 in Shields
  1646 | D:3      | Reached XP level 6. HP: 56/56 MP: 5/5
  1712 | D:3      | Found an ancient bone altar of Kikubaaqudgha.
  1723 | D:3      | Became a worshipper of Kikubaaqudgha
  2779 | D:4      | Reached skill level 5 in Maces & Flails
  2785 | D:4      | HP: 1/56 [worker ant (3)]
  2786 | D:4      | Succumbed to a worker ant's poison

Skill      XL: |  1  2  3  4  5  6 |
---------------+-------------------+-----
Fighting       | 4 5 |  5.6
Armour         | 4 5 |  5.6
Maces & Flails | 3 4 5 |  5.0
Shields        | 4 5 |  5.6

Action                   |  1- 3 |  4- 6 || total
-------------------------+-------+-------++-------
Melee: Flail             |    97 |   161 ||   258
       Headbutt          |    12 |    23 ||    35
  Use: Scroll            |       |     7 ||     7
  Eat: Chunk             |       |     6 ||     6
Armor: Scale mail        |    42 |    48 ||    90
Dodge: Dodged            |    31 |    39 ||    70
Block: Shield            |    45 |    72 ||   117
